 Dungeon Crawl Stone Soup version 0.25-a0-356-g7c9d860b3b (webtiles) character file.

Game seed: 16918280990528545942, levelgen mode: deterministic

189 night the Ducker (level 5, 0/55 HPs)
             Began as an Octopode Fighter on Jan 3, 2020.
             Succumbed to a scorpion's poison
             ... on level 3 of the Dungeon.
             The game lasted 00:06:24 (2567 turns).

night the Ducker (Octopode Fighter)                 Turns: 2567, Time: 00:06:25

Health: 0/55       AC: 22    Str: 16    XL:     5   Next: 68%
Magic:  5/5        EV:  2    Int: 10    God:
Gold:   152        SH:  9    Dex: 12    Spells: 4/4 levels left

rFire    . . .     SeeInvis .   a - +0 rapier
rCold    . . .     Gourm    .   m - +0 shield
rNeg     + + +     Faith    .   (helmet currently unavailable)
rPois    +         Spirit   .   (no amulet)
rElec    .         Reflect  .   (no ring)
rCorr    .         Harm     .   (no ring)
MR       .....     NoTele   +   (no ring)
Stlth    +.........             (no ring)
HPRegen  0.18/turn              (no ring)
MPRegen  0.09/turn              (no ring)
                                (no ring)
                                (no ring)

@: lethally poisoned (0 -> -20), tree-form
A: almost no armour, stealthy swim, (amphibious), 8 rings, (constrict 8)
a: no special abilities


You were on level 3 of the Dungeon.
You were not hungry.
You were a tree.
You visited 1 branch of the dungeon, and saw 4 of its levels.

You collected 152 gold pieces.

Inventory:

Hand Weapons
 a - a +0 rapier (weapon)
 b - a +0 hunting sling
Missiles
 j - 45 stones (quivered)
Armour
 m - a +0 shield (worn)
Scrolls
 e - 2 scrolls of remove curse {unknown}
 g - 4 scrolls of identify {unknown}
 k - 2 scrolls of immolation {unknown}
 l - a scroll of amnesia {unknown}
 o - 2 scrolls of magic mapping {unknown}
 p - a scroll of fog {unknown}
Potions
 c - a potion of might
 h - a potion of lignification
 i - a potion of brilliance {unknown}
 n - a potion of mutation {unknown}
 q - a potion of curing {unknown}
Comestibles
 d - 5 rations
 f - 3 chunks of flesh


   Skills:
 + Level 4.0 Fighting
 + Level 3.2 Short Blades
 + Level 4.1 Dodging
 + Level 4.0 Shields


You had 4 spell levels left.
You didn't know any spells.
Your spell library was empty.

Dungeon Overview and Level Annotations

Branches:
Dungeon (4/15)
 Temple: D:4-7

Altars:
Sif Muna


Innate Abilities, Weirdness & Mutations

You cannot wear most types of armour.
You are very stealthy in the water. (Stealth+)
((You are amphibious.))
You can wear up to eight rings at the same time.
((You can use your tentacles to constrict eight enemies at once.))
((Your skin changes colour to match your surroundings (Stealth+).))
((Your rubbery body absorbs attacks. (AC +1, EV +1)))


Message History

You squeeze the scorpion, but do no damage.
The scorpion is heavily wounded.
You constrict the scorpion, but do no damage.
You feel sick. You block the scorpion's attack.
You completely miss the scorpion.
The scorpion is heavily wounded.
You constrict the scorpion.
You feel sick. The scorpion stings you!
* * * LOW HITPOINT WARNING * * *
The scorpion stings you.
* * * LOW HITPOINT WARNING * * *
You are more poisoned.
The scorpion poisons you!
You hit the scorpion.
The scorpion is severely wounded.
You constrict the scorpion.
* * * LOW HITPOINT WARNING * * *
You feel sick. You block the scorpion's attack.
It was a potion of lignification.
You turn into a tree.
Your roots penetrate the ground.
You lose your grip on the scorpion.
You die...

######### ..##....# ########
..##....### ##### ##......#
..##......###...# #))####.#
................#########)##.##.#
..##.....##..............)##.##.#
..######.##.###.....########.##.#
..# #....###.♣##...######.##.#
..# ##...##.s..###............
..# #......##........#....... ###
##....#########...........
########...........###.##........
.......#.#.............##........
.......#............#####........
..........#.........# #..........
.)........#.........###..........


You could see a scorpion.

Vanquished Creatures
  A howler monkey (D:3)
  4 gnolls (D:3)
  An adder (D:2)
  An ooze (D:2)
  3 worms
  7 dart slugs
  3 leopard geckos
  5 orcs (D:3)
  7 bats
  7 giant cockroaches
  9 hobgoblins
  4 jackals (D:2)
  5 kobolds
  6 goblins
  7 rats
70 creatures vanquished.

Notes
Turn   | Place    | Note
-------+----------+-------------------------------------------
     0 | D:1      | night the Octopode Fighter began the quest for the Orb.
     0 | D:1      | Reached XP level 1. HP: 16/16 MP: 1/1
   112 | D:1      | Reached XP level 2. HP: 21/21 MP: 2/2
   483 | D:1      | Reached XP level 3. HP: 23/26 MP: 3/3
  1268 | D:2      | Reached XP level 4. HP: 16/31 MP: 4/4
  1666 | D:2      | Found a shimmering blue altar of Sif Muna.
  2117 | D:3      | Reached XP level 5. HP: 29/37 MP: 5/5
  2566 | D:3      | HP: 1/37 [poisoned by a scorpion]
  2567 | D:3      | Succumbed to a scorpion's poison

Levels and vault maps discovered:
D:1:      dpeg_arrival_castle, layout_rooms, kennysheep_crisscross,
          minivault_27, fountainhead, minmay_misc_feat_room,
          roderic_roman_lattice
D:2:      layout_rooms, lemuel_blue_sif_altar, kennysheep_donut
D:3:      layout_rooms, hex_tiny
D:4:      minmay_chambers_of_fours, layout_cave_pools, nicolae_ru_path_of_blood,
          minitemple, marbit_many_paths, minmay_temple_entry_glass, first_ration

Skill      XL: |  1  2  3  4  5 |
---------------+----------------+-----
Short Blades   | 3 |  3.2
Dodging        | 4 |  4.1
Fighting       | 4 |  4.0
Shields        | 4 |  4.0

Action                   |  1- 3 |  4- 6 || total
-------------------------+-------+-------++-------
Melee: Rapier            |    62 |    89 ||   151
       Constrict         |    20 |    23 ||    43
       Tentacles         |    16 |    15 ||    31
 Fire: Hunting sling     |       |     4 ||     4
  Use: Potion            |       |     1 ||     1
 Stab: Sleeping          |     3 |     6 ||     9
  Eat: Chunk             |     1 |     4 ||     5
Armor: Skin              |     4 |     2 ||     6
Dodge: Dodged            |    36 |    41 ||    77
Block: Shield            |    32 |    19 ||    51

Table legend:
 A = Non-vault XP
 B = Vault XP
 C = Vault XP percentage of total XP
 D = Non-vault monster count
 E = Vault monster count
 F = Vault count percentage of total count
                 A         B        C        D         E       F
            +---------+---------+-------+---------+---------+-------
      Total |     271 |       0 |   0.0 |      70 |       0 |   0.0
            +---------+---------+-------+---------+---------+-------
        D:1 |      54 |       0 |   0.0 |      22 |       0 |   0.0
        D:2 |      74 |       0 |   0.0 |      28 |       0 |   0.0
        D:3 |     143 |       0 |   0.0 |      20 |       0 |   0.0
            +---------+---------+-------+---------+---------+-------
